 Dungeon Crawl Stone Soup version 0.30.0-5-g1a98f26d00 (webtiles) character file.

Game seed: 4669482848731905365

10 ChrisAssaf the Vexing (level 2, 0/20 HPs)
             Began as a Draconian Enchanter on May 8, 2023.
             Slain by Pargi (3 damage)
             ... in a sewer.
             The game lasted 00:02:15 (370 turns).

ChrisAssaf the Vexing (Draconian Enchanter)          Turns: 370, Time: 00:02:16

Health: 0/20       AC:  4    Str: 10    XL:     2   Next: 10%
Magic:  0/5        EV: 12    Int: 15    God:
Gold:   42         SH:  0    Dex: 17    Spells: 2/5 levels left

rFire   . . .        a - +1 dagger
rCold   . . .        (no shield)
rNeg    . . .        (body armour unavailable)
rPois   .            (helmet restricted)
rElec   .            (no cloak)
rCorr   .            (no gloves)
SInv    .            (no boots)
Will    .....        (no amulet)
Stlth   +            c - +6 ring of dexterity
HPRegen 0.23/turn    (no ring)
MPRegen 0.09/turn

%: no passive effects
@: very slightly contaminated, invisible, very slow
A: AC +4, unfitting armour, cold-blooded
a: no special abilities


You were in a sewer.
You visited 1 branch of the dungeon, and saw 3 of its levels.
You also visited: Sewer.

You collected 42 gold pieces.

Inventory:

Hand Weapons
 a - a +1 dagger (weapon)
Jewellery
 c - a +6 ring of dexterity (left hand)
Scrolls
 e - 2 scrolls of teleportation {unknown}
Potions
 b - a potion of invisibility
 d - a potion of curing {unknown}


   Skills:
 * Level 0.1 Fighting
 * Level 1.1 Short Blades
 * Level 1.8 Dodging
 * Level 2.8 Stealth
 * Level 2.1 Spellcasting
 * Level 2.8 Hexes
 * Level 0.2 Transmutations
 * Level 0.4 Poison Magic


You had 2 spell levels left.
You knew the following spells:

 Your Spells              Type           Power      Damage    Failure   Level
a - Sting                 Tmut/Pois      8%         1d3       19%         1
b - Ensorcelled Hibernat  Hex/Ice        10%        N/A       19%         2

Your spell library contained the following spells:

 Spells                   Type           Power      Damage    Failure   Level
 Poisonous Vapours        Pois/Air       4%         N/A       30%         2
 Blink                    Tloc           2%         N/A       32%         2
 Lesser Beckoning         Tloc           2%         N/A       32%         2
 Momentum Strike          Conj/Tloc      2%         3d8       32%         2
 Confusing Touch          Hex            10%        N/A       21%         3
 Tukima's Dance           Hex            10%        N/A       21%         3
 Dazzling Flash           Conj/Hex       10%        N/A       36%         3
 Olgreb's Toxic Radiance  Pois           2%         N/A       88%         4


Dungeon Overview and Level Annotations

Branches:
Dungeon (3/15)              Sewer (1/1)

Altars:

Annotations:
Sewer Pargi


Innate Abilities, Weirdness & Mutations

Your plain brown scales are hard. (AC +4)
You cannot fit into any form of body armour.
You are cold-blooded and may be slowed by cold attacks.


Message History

Pargi shouts!
Found a bubbling inky potion.
Pargi attacks as you move away! Pargi bites you but does no damage.
Pargi claws you but does no damage. Pargi closely misses you.
You enter the shallow water.
Moving in this stuff is going to be slow.
Pargi clenches his claws.
Pargi bites you. Pargi closely misses you. Pargi claws you but does no damage.
Pargi bites you. Pargi barely misses you. x2
You enter the shallow water.
Moving in this stuff is going to be slow.
Casting: Sting (safe; 19% risk of failure)
Confirm with . or Enter, or press ? or * to list all spells.
Aiming: Sting (safe; 19% risk of failure)
Press: ? - help, Shift-Dir - straight line, f - Pargi
Aim: Pargi (55% to hit)
The sting misses Pargi.
Pargi bites you. Pargi claws you but does no damage. Pargi closely misses you.
Unknown command.
Aiming: Ensorcelled Hibernation (safe; 19% risk of failure)
Press: ? - help, Q - select action, (/) - cycle Shift-Dir - straight line, f/p - Pargi
Aim: Pargi (chance to affect: 48%)
You miscast Ensorcelled Hibernation.
You are very lightly contaminated with residual magic.
Nothing appears to happen.
Pargi bites you. Pargi closely misses you. x2
Aiming: Ensorcelled Hibernation (safe; 19% risk of failure)
Press: ? - help, Q - select action, (/) - cycle Shift-Dir - straight line, f/p - Pargi
Aim: Pargi (chance to affect: 48%) Pargi resists with some effort.
Pargi bites you. Pargi claws you. Pargi misses you.
Unknown command.
You don't have enough magic to cast this spell.
You don't have enough magic to cast this spell.
Unknown command.
You fade into invisibility!
Pargi bites you.
* * * LOW HITPOINT WARNING * * *
Pargi claws you.
You die...

###############
#!##.##.##.##.#
#.##)##.##)##.#
#+##+##'##'##'##'##'#
#...................######
#~~~~~~~~~T@~~~~~~~~#~~~~~~
#≈≈≈≈≈≈≈≈≈∩≈≈≈≈≈≈≈≈≈#≈≈≈≈≈≈
#~~~~~~~~~.~~~~~~~~~#~~~~~~
#...................#######
#+##+##+##.##+##+##+# #.#
#∩# ###


You could see Pargi.

Vanquished Creatures
  2 giant cockroaches
  A hobgoblin (D:1)
  3 kobolds
  2 quokkas (D:3)
  A ball python (D:3)
9 creatures vanquished.

Notes
Turn   | Place    | Note
-------+----------+-------------------------------------------
     0 | D:1      | ChrisAssaf the Draconian Enchanter began the quest for the
                  | Orb.
     0 | D:1      | Reached XP level 1. HP: 14/14 MP: 3/3
    59 | D:1      | Learned a level 1 spell: Sting
   301 | D:3      | Found a glowing drain.
   308 | D:3      | Reached XP level 2. HP: 20/20 MP: 5/5
   309 | Sewer    | Entered a sewer
   313 | Sewer    | Learned a level 2 spell: Ensorcelled Hibernation
   362 | Sewer    | Noticed Pargi
   370 | Sewer    | Slain by Pargi

Illustrated notes

Levels and vault maps discovered:
D:1:      psy_arrival_basics, layout_loops_ring
D:2:      layout_loops_ring, dk_vineyard_1, uniq_crazy_yiuf_cottage,
          uniq_sigmund
D:3:      layout_basic, basic_ecumenical_altar, gup_sewer_entry_pipe
Sewer:    kennysheep_door_sewer

Action                     || total
---------------------------++-------
  Melee: Dagger            ||    19
         Tailslap          ||     2
   Cast: Sting             ||     3
         Ensorcelled Hiber ||     1
    Use: Scroll            ||     1
         Potion            ||     1
   Stab: Sleeping          ||     6
 Armour: Skin              ||     9
  Dodge: Dodged            ||    15
